TOP OF THE 1ST |
New Hampshire Fisher Cats batting - Pitching for Akron RubberDucks : RHP Josh Holloway
|
Pitching: RHP Josh Holloway
|
|
Batting: LHB Sumiki Okuhara
|
0-0: Ball 1-0: Fly out, F9 (Flyball, 9S, EV 90.6 MPH)
|
Batting: RHB Donny Burnside
|
0-0: Ball 1-0: Called Strike 1-1: Foul Ball, location: 2F 1-2: Ball 2-2: Fly out, F8 (Flyball, 8LM, EV 92.5 MPH)
|
Batting: RHB Eddie LaRose
|
0-0: Ball 1-0: Fly out, F4 (Popup, 3S, EV 90.0 MPH)
|
Top of the 1st over - 0 runs, 0 hits, 0 errors, 0 left on base; New Hampshire 0 - Akron 0 |
BOTTOM OF THE 1ST |
Akron RubberDucks batting - Pitching for New Hampshire Fisher Cats : LHP Spencer Jones
|
Pitching: LHP Spencer Jones
|
|
Batting: LHB Nick Welling
|
0-0: Called Strike 0-1: Foul Ball, location: 2F 0-2: Strikes out swinging
|
Batting: SHB Arturo Baez
|
0-0: Ball 1-0: Called Strike 1-1: Foul Ball, location: 2F 1-2: Ball 2-2: Strikes out looking
|
Batting: RHB Harris Leroux
|
0-0: Ball 1-0: Ball 2-0: Foul Ball, location: 2F 2-1: Foul Ball, location: 2F 2-2: Ground out 6-3 (Groundball, 6MS, EV 63.1 MPH)
|
Bottom of the 1st over - 0 runs, 0 hits, 0 errors, 0 left on base; New Hampshire 0 - Akron 0 |
TOP OF THE 2ND |
New Hampshire Fisher Cats batting - Pitching for Akron RubberDucks : RHP Josh Holloway
|
Batting: RHB Nikita Schram
|
0-0: Foul Ball, location: 2F 0-1: Ball 1-1: Ground out 5-3 (Groundball, 56, EV 101.3 MPH)
|
Batting: RHB Takanibu Kaneshiro
|
0-0: Ball 1-0: Fly out, F9 (Line Drive, 9D, EV 91.3 MPH)
|
Batting: RHB Jorge Baret
|
0-0: Ball 1-0: SINGLE (Groundball, 23, EV 68.8 MPH) (infield hit)
|
Batting: RHB Cyril Husson
|
0-0: Called Strike 0-1: Swinging Strike 0-2: Ball 1-2: Strikes out looking
|
Top of the 2nd over - 0 runs, 1 hit, 0 errors, 1 left on base; New Hampshire 0 - Akron 0 |
BOTTOM OF THE 2ND |
Akron RubberDucks batting - Pitching for New Hampshire Fisher Cats : LHP Spencer Jones
|
Batting: RHB Christian Blue
|
0-0: Called Strike 0-1: Called Strike 0-2: Foul Ball, location: 2F 0-2: Ball 1-2: Ball 2-2: Ball 3-2: Base on Balls
|
Batting: RHB Hieronim Rutkowski
|
0-0: Called Strike 0-1: Ball 1-1: Ball 2-1: Swinging Strike 2-2: Strikes out swinging
|
Batting: RHB Greg Harden
|
0-0: Ball 1-0: Ball 2-0: DOUBLE (Line Drive, 89XD, EV 113.1 MPH) Christian Blue to third
|
Batting: LHB Corey Trevor
|
0-0: Swinging Strike 0-1: Ball 1-1: Called Strike 1-2: Strikes out swinging
|
Batting: RHB Reynaldo Herrera
|
0-0: Swinging Strike 0-1: Ball 1-1: Ball 2-1: TRIPLE (Line Drive, 78XD, EV 103.8 MPH) Christian Blue scores Greg Harden scores
|
Batting: LHB John Dietrich
|
0-0: Ground out U3 (Groundball, 3, EV 85.6 MPH)
|
Bottom of the 2nd over - 2 runs, 2 hits, 0 errors, 1 left on base; New Hampshire 0 - Akron 2 |
TOP OF THE 3RD |
New Hampshire Fisher Cats batting - Pitching for Akron RubberDucks : RHP Josh Holloway
|
Batting: RHB Dan Hilyer
|
0-0: Ball 1-0: Called Strike 1-1: Ball 2-1: Foul Ball, location: 2F 2-2: Ground out U3 (Groundball, 34, EV 91.9 MPH)
|
Batting: RHB Nick Wicker
|
0-0: Called Strike 0-1: Foul Ball, location: 2F 0-2: Ball 1-2: Ground out 4-3 (Groundball, 4, EV 103.8 MPH)
|
Batting: LHB Sumiki Okuhara
|
0-0: Called Strike 0-1: Ball 1-1: Ball 2-1: Called Strike 2-2: Ball 3-2: Base on Balls
|
Batting: RHB Donny Burnside
|
0-0: Ball 1-0: Ball Sumiki Okuhara steals 2nd base (no throw) 2-0: Ball 3-0: Called Strike 3-1: Base on Balls
|
Batting: RHB Eddie LaRose
|
0-0: Swinging Strike 0-1: Ball 1-1: Ball 2-1: Called Strike 2-2: SINGLE (Flyball, 56D, EV 95.0 MPH) Sumiki Okuhara to third Donny Burnside to second Runner from 3rd tries for Home, throw by LF and OUT! 7-2
|
Top of the 3rd over - 0 runs, 1 hit, 0 errors, 2 left on base; New Hampshire 0 - Akron 2 |
BOTTOM OF THE 3RD |
Akron RubberDucks batting - Pitching for New Hampshire Fisher Cats : LHP Spencer Jones
|
Batting: LHB Nick Welling
|
0-0: Swinging Strike 0-1: Swinging Strike 0-2: Ball 1-2: SINGLE (Groundball, 34D, EV 101.9 MPH)
|
Batting: SHB Arturo Baez
|
0-0: Ball 1-0: Called Strike 1-1: Ball 2-1: Fly out, F5 (Line Drive, 5, EV 65.0 MPH)
|
Batting: RHB Harris Leroux
|
0-0: Ball 1-0: Ball 2-0: Ball 3-0: Called Strike 3-1: Swinging Strike 3-2: Strikes out swinging
|
Batting: RHB Christian Blue
|
0-0: Called Strike 0-1: Called Strike 0-2: Foul Ball, location: 2F 0-2: Ball Nick Welling steals 2nd base 1-2: Ball 2-2: Foul Ball, location: 2F 2-2: Fly out, F3 (Popup, 3D, EV 68.8 MPH)
|
Bottom of the 3rd over - 0 runs, 1 hit, 0 errors, 1 left on base; New Hampshire 0 - Akron 2 |
TOP OF THE 4TH |
New Hampshire Fisher Cats batting - Pitching for Akron RubberDucks : RHP Josh Holloway
|
Batting: RHB Nikita Schram
|
0-0: Ball 1-0: Called Strike 1-1: Ball 2-1: Ball 3-1: Ground out 6-3 (Groundball, 6D, EV 88.1 MPH)
|
Batting: RHB Takanibu Kaneshiro
|
0-0: Swinging Strike 0-1: Foul Ball, location: 2F 0-2: Foul Ball, location: 2F 0-2: Foul Ball, location: 2F 0-2: Ball 1-2: Fly out, F7 (Flyball, 7S, EV 83.8 MPH)
|
Batting: RHB Jorge Baret
|
0-0: Ball 1-0: Foul Ball, location: 2F 1-1: Ball 2-1: Ball 3-1: Base on Balls
|
Batting: RHB Cyril Husson
|
0-0: Ball Jorge Baret steals 2nd base 1-0: Called Strike 1-1: SINGLE (Groundball, 6D, EV 105.0 MPH) Jorge Baret to third Runner from 3rd tries for Home, SAFE, throw by CF to home
|
Batting: RHB Dan Hilyer
|
0-0: Ball Wild Pitch! Cyril Husson to second 1-0: Ball 2-0: Ball 3-0: Swinging Strike 3-1: Ground out 6-3 (Groundball, 6, EV 101.9 MPH)
|
Top of the 4th over - 1 run, 1 hit, 0 errors, 1 left on base; New Hampshire 1 - Akron 2 |
BOTTOM OF THE 4TH |
Akron RubberDucks batting - Pitching for New Hampshire Fisher Cats : LHP Spencer Jones
|
Batting: RHB Hieronim Rutkowski
|
0-0: Called Strike 0-1: Foul Ball, location: 2F 0-2: Foul Ball, location: 2F 0-2: Strikes out swinging
|
Batting: RHB Greg Harden
|
0-0: Called Strike 0-1: Ground out 5-3 (Groundball, 56, EV 85.6 MPH)
|
Batting: LHB Corey Trevor
|
0-0: SINGLE (Groundball, 6M, EV 100.0 MPH) (infield hit)
|
Batting: RHB Reynaldo Herrera
|
0-0: Ball 1-0: Ball 2-0: Ball 3-0: Swinging Strike 3-1: Foul Ball, location: 2F 3-2: Strikes out swinging
|
Bottom of the 4th over - 0 runs, 1 hit, 0 errors, 1 left on base; New Hampshire 1 - Akron 2 |
TOP OF THE 5TH |
New Hampshire Fisher Cats batting - Pitching for Akron RubberDucks : RHP Josh Holloway
|
Batting: RHB Nick Wicker
|
0-0: Ball 1-0: Called Strike 1-1: DOUBLE (Flyball, 8RD, EV 104.4 MPH)
|
Batting: LHB Sumiki Okuhara
|
0-0: Ball 1-0: Ball Wild Pitch! Nick Wicker to third 2-0: Ball 3-0: Base on Balls
|
Batting: RHB Donny Burnside
|
0-0: Ball 1-0: TRIPLE (Flyball, 89XD, EV 108.1 MPH) Nick Wicker scores Sumiki Okuhara scores
|
Batting: RHB Eddie LaRose
|
0-0: Foul Ball, location: 2F 0-1: Ball 1-1: Ball 2-1: Foul Ball, location: 2F 2-2: Foul Ball, location: 2F 2-2: Ball 3-2: Strikes out looking
|
Pitching: RHP T.J. McCullough
|
|
Batting: RHB Nikita Schram
|
0-0: Ball 1-0: Fly out, F8 (Flyball, 8RS, EV 96.9 MPH)
|
Batting: RHB Takanibu Kaneshiro
|
0-0: Ball 1-0: SINGLE (Line Drive, 5D, EV 98.1 MPH) Donny Burnside scores
|
Batting: RHB Jorge Baret
|
0-0: Ball 1-0: Swinging Strike 1-1: Ball 2-1: Ball 3-1: Called Strike 3-2: Ground out 6-3 (Groundball, 6M, EV 82.5 MPH)
|
Top of the 5th over - 3 runs, 3 hits, 0 errors, 1 left on base; New Hampshire 4 - Akron 2 |
BOTTOM OF THE 5TH |
Akron RubberDucks batting - Pitching for New Hampshire Fisher Cats : LHP Spencer Jones
|
Batting: LHB John Dietrich
|
0-0: Foul Ball, location: 2F 0-1: Foul Ball, location: 2F 0-2: Ball 1-2: Ball 2-2: Ball 3-2: Strikes out swinging
|
Batting: LHB Nick Welling
|
0-0: Ball 1-0: Foul Ball, location: 2F 1-1: Ball 2-1: Ground out U3 (Groundball, 3, EV 102.5 MPH)
|
Batting: SHB Arturo Baez
|
0-0: Called Strike 0-1: Ball 1-1: Ball 2-1: SINGLE (Groundball, 34D, EV 98.1 MPH)
|
Batting: RHB Harris Leroux
|
0-0: Swinging Strike 0-1: Called Strike Pickoff Throw to First - Out! 1-3
|
Bottom of the 5th over - 0 runs, 1 hit, 0 errors, 0 left on base; New Hampshire 4 - Akron 2 |
TOP OF THE 6TH |
New Hampshire Fisher Cats batting - Pitching for Akron RubberDucks : RHP T.J. McCullough
|
Batting: RHB Cyril Husson
|
0-0: Called Strike 0-1: Ball 1-1: Foul Ball, location: 2F 1-2: Ground out U3 (Groundball, 3S, EV 87.5 MPH)
|
Batting: RHB Dan Hilyer
|
0-0: Ball 1-0: Ball 2-0: Fly out, F8 (Flyball, 78M, EV 93.1 MPH)
|
Batting: RHB Nick Wicker
|
0-0: Fly out, F8 (Flyball, 78M, EV 91.9 MPH)
|
Top of the 6th over - 0 runs, 0 hits, 0 errors, 0 left on base; New Hampshire 4 - Akron 2 |
BOTTOM OF THE 6TH |
Akron RubberDucks batting - Pitching for New Hampshire Fisher Cats : LHP Spencer Jones
|
Batting: RHB Harris Leroux
|
0-0: Called Strike 0-1: Ground out 6-3 (Groundball, 56, EV 86.9 MPH)
|
Batting: RHB Christian Blue
|
0-0: Ball 1-0: Foul Ball, location: 2F 1-1: Foul Ball, location: 2F 1-2: Strikes out swinging
|
Batting: RHB Hieronim Rutkowski
|
0-0: Ball 1-0: Ground out 6-3 (Groundball, 6, EV 81.9 MPH)
|
Bottom of the 6th over - 0 runs, 0 hits, 0 errors, 0 left on base; New Hampshire 4 - Akron 2 |
TOP OF THE 7TH |
New Hampshire Fisher Cats batting - Pitching for Akron RubberDucks : RHP T.J. McCullough
|
Batting: LHB Sumiki Okuhara
|
0-0: Swinging Strike 0-1: Swinging Strike 0-2: Ball 1-2: Ball 2-2: Strikes out swinging
|
Batting: RHB Donny Burnside
|
0-0: Called Strike 0-1: SINGLE (Flyball, 3D, EV 91.9 MPH)
|
Batting: RHB Eddie LaRose
|
0-0: Ball Donny Burnside is caught stealing 2nd base 2-4 1-0: Fly out, F8 (Line Drive, 8LD, EV 94.4 MPH)
|
Top of the 7th over - 0 runs, 1 hit, 0 errors, 0 left on base; New Hampshire 4 - Akron 2 |
BOTTOM OF THE 7TH |
Akron RubberDucks batting - Pitching for New Hampshire Fisher Cats : LHP Spencer Jones
|
Batting: RHB Greg Harden
|
0-0: Ball 1-0: Called Strike 1-1: Ball 2-1: Ball 3-1: SINGLE (Line Drive, 34D, EV 99.4 MPH)
|
Pitching: LHP Vinny Zavala
|
|
Batting: LHB Corey Trevor
|
0-0: Called Strike 0-1: Ball 1-1: Called Strike 1-2: Strikes out looking
|
Batting: RHB Reynaldo Herrera
|
0-0: Ball 1-0: SINGLE (Groundball, 56, EV 106.3 MPH) (infield hit) Greg Harden to second
|
Pinch Runner at 2nd Tony Ramirez:
|
|
Batting: LHB John Dietrich
|
0-0: Swinging Strike 0-1: Ball 1-1: Swinging Strike 1-2: Strikes out swinging
|
Pinch Hitting: RHB Mike Plugge
|
0-0: Ball 1-0: Foul Ball, location: 2F 1-1: Swinging Strike 1-2: Strikes out swinging
|
Bottom of the 7th over - 0 runs, 2 hits, 0 errors, 2 left on base; New Hampshire 4 - Akron 2 |
TOP OF THE 8TH |
New Hampshire Fisher Cats batting - Pitching for Akron RubberDucks : RHP T.J. McCullough
|
Now in LF: Matt Thompson
|
|
Now in RF: Mike Plugge
|
|
Batting: RHB Nikita Schram
|
0-0: Swinging Strike 0-1: Foul Ball, location: 2F 0-2: Strikes out swinging, 2-3 out at first.
|
Batting: RHB Takanibu Kaneshiro
|
0-0: Called Strike 0-1: Ball 1-1: Swinging Strike 1-2: Fly out, F8 (Flyball, 89XD, EV 106.9 MPH)
|
Batting: RHB Jorge Baret
|
0-0: Ball 1-0: Called Strike 1-1: Ball 2-1: Ball 3-1: Base on Balls
|
Batting: RHB Cyril Husson
|
0-0: Ball Jorge Baret steals 2nd base 1-0: Called Strike 1-1: SINGLE (Groundball, 6D, EV 108.8 MPH) Jorge Baret to third Runner from 3rd tries for Home, SAFE, throw by LF to home
|
Batting: RHB Dan Hilyer
|
0-0: Called Strike Cyril Husson steals 2nd base (no throw) 0-1: Foul Ball, location: 2F 0-2: Strikes out swinging
|
Top of the 8th over - 1 run, 1 hit, 0 errors, 1 left on base; New Hampshire 5 - Akron 2 |
BOTTOM OF THE 8TH |
Akron RubberDucks batting - Pitching for New Hampshire Fisher Cats : LHP Vinny Zavala
|
Batting: SHB Arturo Baez
|
0-0: Foul Ball, location: 2F 0-1: Foul Ball, location: 2F 0-2: Strikes out swinging
|
Batting: RHB Harris Leroux
|
0-0: Ball 1-0: Swinging Strike 1-1: Called Strike 1-2: Foul Ball, location: 2F 1-2: Strikes out looking
|
Batting: RHB Christian Blue
|
0-0: Called Strike 0-1: Foul Ball, location: 2F 0-2: Ball 1-2: Strikes out swinging
|
Bottom of the 8th over - 0 runs, 0 hits, 0 errors, 0 left on base; New Hampshire 5 - Akron 2 |
TOP OF THE 9TH |
New Hampshire Fisher Cats batting - Pitching for Akron RubberDucks : RHP T.J. McCullough
|
Pitching: RHP Corey Rizzuto
|
|
Batting: RHB Nick Wicker
|
0-0: Called Strike 0-1: Ball 1-1: Called Strike 1-2: Foul Ball, location: 2F 1-2: SINGLE (Groundball, 34S, EV 77.5 MPH) (infield hit)
|
Batting: LHB Sumiki Okuhara
|
0-0: Reached on error, E1 (Groundball, 13, EV 43.8 MPH) Nick Wicker to third
|
Batting: RHB Donny Burnside
|
0-0: Called Strike 0-1: Ball 1-1: Foul Ball, location: 2F 1-2: Strikes out looking
|
Batting: RHB Eddie LaRose
|
0-0: Called Strike 0-1: Foul Ball, location: 2F 0-2: Ball 1-2: Strikes out swinging
|
Batting: RHB Nikita Schram
|
0-0: Called Strike 0-1: Called Strike 0-2: Foul Ball, location: 2F 0-2: Strikes out swinging
|
Top of the 9th over - 0 runs, 1 hit, 1 error, 2 left on base; New Hampshire 5 - Akron 2 |
BOTTOM OF THE 9TH |
Akron RubberDucks batting - Pitching for New Hampshire Fisher Cats : LHP Vinny Zavala
|
Pitching: LHP Julio Gonzalez
|
|
Batting: RHB Hieronim Rutkowski
|
0-0: Foul Ball, location: 2F 0-1: Ball 1-1: Called Strike 1-2: Foul Ball, location: 2F 1-2: Ground out 5-3 (Groundball, 56S, EV 89.4 MPH)
|
Batting: RHB Matt Thompson
|
0-0: Ball 1-0: Reached on error, E5 (Groundball, 56, EV 85.6 MPH)
|
Batting: LHB Corey Trevor
|
0-0: Foul Ball, location: 2F 0-1: Ball 1-1: Ball 2-1: Called Strike 2-2: Foul Ball, location: 2F 2-2: Foul Ball, location: 2F 2-2: Strikes out swinging
|
Batting: RHB Reynaldo Herrera
|
0-0: Called Strike 0-1: Called Strike 0-2: Ball 1-2: Strikes out swinging
|
Bottom of the 9th over - 0 runs, 0 hits, 1 error, 1 left on base; New Hampshire 5 - Akron 2 |
|